 Dungeon Crawl Stone Soup version 0.15.0-13-gb296d5c (webtiles) character file.

405 CrazyArbalest the Bolt Thrower (level 6, 0/44 HPs)
             Began as a Demonspawn Hunter on Sept 3, 2014.
             Slain by a gnoll
             ... wielding a +0 halberd
              (6 damage)
             ... on Level 4 of the Dungeon.
             The game lasted 00:30:38 (4135 turns).

CrazyArbalest the Bolt Thrower (Demonspawn Hunter)  Turns: 4135, Time: 00:30:38

HP   0/44        AC  8     Str 13      XL: 6   Next: 56%
MP   6/6         EV 18     Int 12      God:
Gold 236         SH  0     Dex 20      Spells:  0 memorised,  5 levels left

rFire  . . .     SeeInvis .     a - +0 mace (protect)
rCold  + . .     Clarity  .     d - +0 leather armour
rNeg   . . .     rCorr    .     (no shield)
rPois  .         rRot     +     (no helmet)
rElec  .         Spirit   .     (no cloak)
SustAb .         Warding  .     (no gloves)
rMut   .         Stasis   .     (no boots)
Gourm  .                        (no amulet)
MR     .....                    x - ring of flight
                                h - ring of protection from cold

@: agile, not resistant to hostile enchantments, fairly stealthy
A: talons 1, foul stench 1, powered by death 2, rot immunity
a: Evoke Flight


You were on level 4 of the Dungeon.
You were not hungry.

You visited 1 branch of the dungeon, and saw 5 of its levels.

You collected 236 gold pieces.

Inventory:

Hand weapons
 a - a +0 mace of protection (weapon)
 b - a +1 hand crossbow
 o - a +0 mace
 y - a +0 flail
 z - a +0 whip
Missiles
 c - 14 bolts
Armour
 d - a +0 leather armour (worn)
Magical devices
 B - a wand of random effects (10) {unknown}
Comestibles
 f - 4 bread rations
 p - a meat ration
 w - 3 fruits
 E - a slice of pizza
 G - 2 rotting chunks of gnoll flesh
Scrolls
 e - a scroll of amnesia
 l - a scroll of random uselessness
 n - a scroll of teleportation {unknown}
 q - 2 scrolls of remove curse
 r - 3 scrolls of immolation {unknown}
 s - 2 scrolls of fear
 t - a scroll of fog {unknown}
 u - a scroll of enchant armour {unknown}
 v - a scroll of noise {unknown}
 A - 2 scrolls of identify {unknown}
 D - a scroll of blinking {unknown}
 H - a scroll of recharging {unknown}
Jewellery
 h - a ring of protection from cold (left hand)
 x - a ring of flight (right hand)
 C - an uncursed amulet of inaccuracy
Potions
 g - a potion of degeneration {unknown}
 i - a potion of agility
 j - 2 potions of curing {unknown}
 k - a potion of magic {unknown}
 m - 2 potions of lignification {unknown}
 F - a potion of restore abilities {unknown}
 I - a potion of confusion {unknown}


   Skills:
 + Level 2.2 Fighting
 * Level 2.5 Maces & Flails
 * Level 5.3 Crossbows
 + Level 1.7 Armour
 + Level 3.1 Dodging
 + Level 1.0 Stealth


You had 5 spell levels left.
You didn't know any spells.

Dungeon Overview and Level Annotations

Branches:
Dungeon (5/15)
 Temple: D:4-7

Altars:
Dithmenos
Elyvilon
Kikubaaqudgha

Annotations:
D:5 lrvs' ghost, experienced FeAK


Innate Abilities, Weirdness & Mutations

You have sharp toenails.
You emit a foul stench.
You can steal the life force of defeated enemies.
You are immune to rotting.


Message History

The gnoll misses you. The gnoll hits you with a halberd.
The gnoll looks sick.
The gnoll hits you but does no damage.
The gnoll looks sick.
You hit the gnoll.
The gnoll is severely wounded.
The gnoll barely misses you. The gnoll closely misses you.
You barely miss the gnoll. Your kick misses the gnoll.
The gnoll is severely wounded.
The gnoll closely misses you. The gnoll misses you.
You completely miss the gnoll.
The gnoll is severely wounded.
The gnoll hits you. The gnoll hits you with a halberd!
* * * LOW HITPOINT WARNING * * *
The gnoll barely misses you.
Drink which item? (? for menu, Esc to quit)
Okay, then.
Unknown command.
Drink which item? (? for menu, Esc to quit)
You feel agile all of a sudden.
It was a potion of agility.
The gnoll hits you with a halberd.
You die...

#................##........
#.#..##..#.###...##.######'
#.#......#.# ##.#..........
#.##....##.# #.#>).....g..
#.##....##.# #.#.#.######.
#..##..##..####...#........
#..##..##....###g..##...)..
#...####...#.#......+......
##..####.g@..#.#...##......
##..##...g.......###......
##..##..###......# #......
###..####..........# #......
#....####...#......# #......
#...##..##..#......# #......
#.).##..##(.#......###......
#..##....##..........####...
#..##....##....##....#....##


You could see 2 gnolls.

Vanquished Creatures
  A hound (D:4)
  A gnoll shaman (D:3)
  An orc wizard (D:3)
  An orc priest (D:3)
  2 worker ants
  7 gnolls
  A giant mite (D:3)
  7 adders
  An inept feature mimic (D:2)
  2 worms
  3 giant geckos
  2 oozes
  7 orcs (D:3)
  3 ball pythons (D:2)
  5 giant cockroaches
  12 hobgoblins
  7 bats
  3 giant newts
  6 goblins
  10 kobolds
  9 rats
91 creatures vanquished.

Notes
Turn   | Place    | Note
--------------------------------------------------------------
     0 | D:1      | CrazyArbalest, the Demonspawn Hunter, began the quest for the Orb.
     0 | D:1      | Reached XP level 1. HP: 15/15 MP: 1/1
   147 | D:1      | Reached skill level 4 in Crossbows
   164 | D:1      | Gained mutation: You can steal the life force of nearby defeated enemies. [demonic ancestry]
   164 | D:1      | Reached XP level 2. HP: 19/21 MP: 2/2
   723 | D:1      | Reached skill level 1 in Stealth
  1072 | D:2      | Gained mutation: You can steal the life force of defeated enemies. [demonic ancestry]
  1072 | D:2      | Reached XP level 3. HP: 23/26 MP: 3/3
  1402 | D:2      | Found an ancient bone altar of Kikubaaqudgha.
  1761 | D:3      | Found a white marble altar of Elyvilon.
  1761 | D:3      | Found a shadowy altar of Dithmenos.
  1805 | D:2      | Reached skill level 1 in Maces & Flails
  1860 | D:3      | Gained mutation: You are immune to rotting. [demonic ancestry]
  1860 | D:3      | Reached XP level 4. HP: 14/32 MP: 4/4
  2151 | D:3      | Reached skill level 1 in Armour
  2184 | D:3      | Gained mutation: You have sharp toenails. [demonic ancestry]
  2184 | D:3      | Reached XP level 5. HP: 19/38 MP: 5/5
  2354 | D:3      | Reached skill level 5 in Crossbows
  3080 | D:4      | Gained mutation: You emit a foul stench. [demonic ancestry]
  3080 | D:4      | Reached XP level 6. HP: 38/44 MP: 6/6
  3808 | D:5      | Entered Level 5 of the Dungeon
  3888 | D:5      | Noticed lrvs' ghost (experienced FeAK)
  4135 | D:4      | Slain by a gnoll

Action                   |  1- 3 |  4- 6 || total
-------------------------+-------+-------++-------
Melee: Whip              |   138 |    34 ||   172
       Mace              |       |   212 ||   212
 Fire: Hand crossbow     |    40 |    19 ||    59
  Use: Scroll            |       |     4 ||     4
       Potion            |       |     1 ||     1
 Stab: Sleeping          |     1 |     1 ||     2
  Eat: Chunk             |     3 |     8 ||    11
